 Dungeon Crawl Stone Soup version 0.31-a0-986-g5e6e4ef867 (webtiles) character file.

Game seed: 5660277853038049453

10295 chakani the Severer (level 11, -10/101 HPs)
             Began as a Hill Orc Fighter on Nov 10, 2023.
             Was a High Priest of Okawaru.
             Shot with an arrow by a centaur warrior (14 damage)
             ... on level 13 of the Dungeon.
             The game lasted 00:15:13 (13533 turns).

chakani the Severer (Hill Orc Fighter)             Turns: 13533, Time: 00:15:13

Health: -10/101    AC: 21    Str: 22    XL:     11   Next: 59%
Magic:  15/15      EV:  9    Int:  8    God:    Okawaru [*****.]
Gold:   893        SH:  5    Dex: 12    Spells: 10/10 levels left

rFire   + + .        a - +0 war axe
rCold   . . .        c - +0 buckler
rNeg    . . .        O - +9 scale mail "Jycwamavaa" {Will+ Str+3}
rPois   .            N - +0 helmet "Nauberid" {rF++ rCorr Str-3 SInv}
rElec   .            (no cloak)
rCorr   +            (no gloves)
SInv    +            (no boots)
Will    +....        (no amulet) Stlth
                     n - +4 ring of protection
HPRegen 0.36/turn    (no ring)
MPRegen 0.14/turn

%: no passive effects
@: studying Stealth
A: no striking features
a: Renounce Religion, Heroism, Finesse, Duel


You were on level 13 of the Dungeon.
You worshipped Okawaru.
Okawaru was extremely pleased with you.
You visited 2 branches of the dungeon, and saw 14 of its levels.
You also visited: Sewer.

You collected 915 gold pieces.
You spent 22 gold pieces at shops.

Inventory:

Hand Weapons
 a - a +0 war axe (weapon)
Missiles
 y - 2 throwing nets
 P - a boomerang
Armour
 b - a +0 scale mail
 c - a +0 buckler (worn)
 i - +0 acid dragon scales
 N - the +0 helmet "Nauberid" (worn) {rF++ rCorr Str-3 SInv}
   (You found it on level 11 of the Dungeon)

   Str-3:     It affects your strength (-3).
   rF++:      It greatly protects you from fire.
   SInv:      It lets you see invisible.
   rCorr:     It protects you from acid and corrosion.
 O - the +9 scale mail "Jycwamavaa" (worn) {Will+ Str+3}
   (You found it on level 12 of the Dungeon)

   Str+3:     It affects your strength (+3).
   Will+:     It increases your willpower.
Jewellery
 g - a ring of ice
 n - a +4 ring of protection (left hand)
 o - a ring of fire
 D - an amulet of the acrobat
 I - a ring of willpower
Talismans
 l - a blade talisman
Wands
 A - a wand of light (12)
 C - a wand of roots (7)
 F - a wand of mindburst (8)
Scrolls
 f - a scroll of revelation
 k - 11 scrolls of identify
 m - 3 scrolls of poison
 s - 5 scrolls of teleportation
 u - a scroll of amnesia
 v - a scroll of blinking
 B - a scroll of acquirement {unknown}
 E - 2 scrolls of fear {unknown}
 H - a scroll of enchant armour {unknown}
 J - a scroll of enchant weapon {unknown}
 K - a scroll of immolation
Potions
 d - 3 potions of might
 e - 4 potions of attraction {unknown}
 h - 3 potions of curing {unknown}
 j - a potion of haste
 p - 2 potions of degeneration {unknown}
 q - a potion of cancellation {unknown}
 r - a potion of ambrosia {unknown}
 t - 2 potions of heal wounds {unknown}
 w - a potion of resistance {unknown}
 x - 2 potions of enlightenment {unknown}
 z - 2 potions of mutation {unknown}
 G - a potion of magic {unknown}
 L - a potion of invisibility {unknown}
 M - a potion of lignification {unknown}


   Skills:
 + Level 10.4 Fighting
 - Level 17.4 Axes
 + Level 6.1 Armour
 + Level 6.2 Shields
 - Level 6.6 Invocations


You had 10 spell levels left.
You didn't know any spells.
Your spell library contained the following spells:

 Spells                   Type           Power      Damage    Failure   Level
 Apportation              Tloc           0%         N/A       77%         1
 Kiss of Death            Conj/Necr      0%         2d5       77%         1
 Necrotise                Necr           0%         1d4       77%         1
 Blink                    Tloc           0%         N/A       88%         2
 Cigotuvi's Dreadful Rot  Necr/Pois/Air  0%         N/A       88%         2
 Ensorcelled Hibernation  Hex/Ice        0%         N/A       88%         2
 Jinxbite                 Hex            0%         N/A       88%         2
 Lesser Beckoning         Tloc           0%         N/A       88%         2
 Momentum Strike          Conj/Tloc      0%         3d8       88%         2
 Passwall                 Tmut/Erth      0%         N/A       88%         2
 Confusing Touch          Hex            0%         N/A       98%         3
 Hailstorm                Conj/Ice       0%         3d3       98%         3
 Ignite Poison            Fire/Tmut/Pois 0%         N/A       98%         3
 Ozocubu's Armour         Ice            0%         N/A       98%         3
 Sigil of Binding         Hex            0%         N/A       98%         3
 Swiftness                Air            0%         N/A       98%         3
 Vampiric Draining        Necr           0%         2d6       98%         3
 Anguish                  Hex/Necr       0%         N/A       100%        4
 Dimensional Bullseye     Hex/Tloc       0%         N/A       100%        4
 Dispel Undead            Necr           0%         3d6       100%        4
 Iskenderun's Mystic Bla  Conj/Tloc      0%         2d3       100%        4
 Leda's Liquefaction      Hex/Erth       0%         N/A       100%        4
 Manifold Assault         Tloc           0%         N/A       100%        4
 Agony                    Necr           0%         N/A       100%        5
 Alistair's Intoxication  Tmut/Pois      0%         N/A       100%        5
 Borgnjor's Vile Clutch   Necr/Erth      0%         N/A       100%        5
 Freezing Cloud           Conj/Ice/Air   0%         6-21      100%        5
 Ozocubu's Refrigeration  Ice            0%         4d7       100%        7
 Call Canine Familiar     Summ           Unusable   N/A       N/A         3
 Tukima's Dance           Hex            Unusable   N/A       N/A         3
 Animate Dead             Necr           Unusable   N/A       N/A         4
 Summon Ice Beast         Ice/Summ       Unusable   N/A       N/A         4
 Summon Forest            Summ/Tloc      Unusable   N/A       N/A         5
 Summon Mana Viper        Hex/Summ       Unusable   N/A       N/A         5
 Death Channel            Necr           Unusable   N/A       N/A         6
 Simulacrum               Ice/Necr       Unusable   N/A       N/A         6
 Summon Cactus Giant      Summ           Unusable   N/A       N/A         6

Dungeon Overview and Level Annotations

Branches:
Dungeon (13/15)            Temple (1/1) D:4            Lair (0/5) D:8
    Orc (0/2) D:9           Sewer (visited)
 Vaults: D:13-14

Altars:
Ashenzari
Cheibriados
Dithmenos
Elyvilon
Fedhas
Gozag
Hepliaklqana
Kikubaaqudgha
Makhleb
Nemelex Xobeh
Okawaru
Qazlal
Ru
Sif Muna
Trog
Uskayaw
Vehumet
Wu Jian
Xom
Yredelemnul
Zin
The Shining One

Shops:
D:1 ?   D:11 ?

Annotations:
D:6 Jeremiah
D:7 1 runed translucent door
D:12 1 transporter


Message History

The centaur warrior hits you but does no damage.
The centaur warrior kicks you but does no damage.
The centaur wields a +0 shortbow.
The centaur shoots an arrow.
The arrow closely misses you.
The centaur shoots an arrow.
The arrow hits you.
The centaur shoots an arrow.
You block the arrow. You block the centaur warrior's attack.
The centaur warrior kicks you but does no damage.
A centaur comes into view.
The centaur shoots an arrow.
The arrow closely misses you.
Unknown command.
Unknown command.
Your surroundings suddenly seem different.
Unknown command.
Unknown command.
Unknown command.
You open the door.
The centaur shouts!
The centaur shoots an arrow.
The arrow hits you.
The centaur wields a +0 shortbow.
The centaur shoots an arrow.
The arrow hits you but does no damage.
There is an open door here.
The centaur shoots an arrow.
The arrow closely misses you.
Okay, then.
You close the door.
The centaur throws a stone.
The stone hits you but does no damage.
The centaur shoots an arrow.
You block the arrow.
Found 13 gold pieces.
Found a scroll of identify.
Found a stone staircase leading up.
The cyclops throws a large rock.
The large rock closely misses you.
Found a quarterstaff.
The centaur warrior wields a +2 shortbow of freezing.
It is covered in frost.
The centaur warrior shoots an arrow.
The arrow hits you!! The arrow freezes you.
The cyclops throws a large rock.
The large rock hits you!!
* * * LOW HITPOINT WARNING * * *
The centaur warrior shouts!
The centaur warrior wields a +0 orcbow.
The centaur warrior shoots an arrow.
You block the arrow.
The centaur warrior shoots an arrow.
The arrow hits you!
You die...

.u.........c.C....#
$#...).####c.##..#
###...####..##C.#
#...c...c...#..#
#...........+..#
#...........#..#
.####..####..#
####..########.
#....$.@.......
#..............
#........).....
##...###?..###+
#### ^..# .<...
...... ######


You could see a centaur warrior.

Vanquished Creatures
  Erolcha (D:11)
  Urug (D:12)
  An ugly thing (D:12)
  A gargoyle (D:12)
  2 trolls
  2 wraiths
  10 yaks
  A vampire (D:11)
  3 wyverns
  A steam dragon (D:10)
  2 vampire mosquitoes (D:12)
  Menkaure (D:6)
  2 acid dragons
  3 water moccasins
  3 ice beasts
  2 orc warriors (D:9)
  A sky beast (D:7)
  4 ogres
  10 centaurs
  A phantom (D:7)
  Blork the orc (D:6)
  3 kobold brigands
  A gnoll sergeant (D:11)
  A bullfrog (D:7)
  5 scorpions
  7 wights
  3 killer bees (D:9)
  6 howler monkeys
  3 electric eels (D:8)
  5 orc priests
  A human zombie (D:7)
  5 hounds
  4 iguanas
  15 orc wizards
  2 sleepcaps
  10 gnolls
  14 adders
  3 shadow imps
  2 white imps
  4 ufetubi (D:6)
  4 worms
  A dart slug (D:2)
  53 orcs
  11 bats
  12 endoplasms
  5 giant cockroaches
  11 goblins
  9 hobgoblins
  23 kobolds
  7 quokkas
  8 ball pythons
  12 frilled lizards
  10 rats
313 creatures vanquished.

Vanquished Creatures (others)
  An orc wizard (D:7)
  A white imp (D:8)
2 creatures vanquished.

Grand Total: 315 creatures vanquished

Notes
Turn   | Place    | Note
-------+----------+-------------------------------------------
     0 | D:1      | chakani the Hill Orc Fighter began the quest for the Orb.
     0 | D:1      | Reached XP level 1. HP: 19/19 MP: 1/1
    43 | D:1      | Reached skill level 3 in Axes
    94 | D:1      | Noticed a golden eye
    98 | D:1      | Found a faded altar of an unknown god.
   101 | D:1      | Noticed a golden eye
   107 | D:1      | Noticed an eye of devastation
   120 | D:1      | Noticed a great orb of eyes
   178 | D:1      | Reached XP level 2. HP: 25/26 MP: 2/2
   390 | D:1      | Reached skill level 4 in Axes
   596 | D:1      | Found Zicheym's Magic Scroll Emporium.
   599 | D:1      | Bought a scroll of identify for 22 gold pieces
   813 | D:2      | Reached XP level 3. HP: 31/31 MP: 3/3
   894 | D:2      | Reached skill level 5 in Axes
  1244 | D:2      | Reached XP level 4. HP: 31/39 MP: 4/4
  1311 | D:2      | Reached skill level 6 in Axes
  1534 | D:2      | Identified the +3 leather armour of the Pits of Slime
                  | {Drain rCorr Str+3}
  1694 | D:2      | Found a snail-covered altar of Cheibriados.
  1921 | D:3      | Found a white marble altar of Elyvilon.
  1928 | D:3      | Found a glowing golden altar of the Shining One.
  1946 | D:3      | Reached XP level 5. HP: 45/45 MP: 5/5
  2128 | D:3      | Found a glowing drain.
  2135 | Sewer    | Entered a sewer
  2143 | Sewer    | Reached skill level 7 in Axes
  2163 | Sewer    | Noticed a water moccasin
  2179 | Sewer    | Killed a water moccasin
  2180 | Sewer    | Reached skill level 8 in Axes
  2180 | Sewer    | Reached XP level 6. HP: 12/51 MP: 6/6
  2700 | D:3      | Found a radiant altar of Vehumet.
  2703 | D:3      | Found a broken altar of Ashenzari.
  2998 | D:4      | Found a staircase to the Ecumenical Temple.
  3013 | Temple   | Entered the Ecumenical Temple
  3023 | Temple   | Became a worshipper of Warmaster Okawaru
  3120 | D:4      | Reached skill level 9 in Axes
  3268 | D:4      | Reached XP level 7. HP: 36/57 MP: 6/9
  3805 | D:4      | Reached skill level 5 in Invocations
  4202 | D:5      | Entered Level 5 of the Dungeon
  4553 | D:5      | Reached XP level 8. HP: 66/66 MP: 12/12
  4634 | D:5      | Reached skill level 5 in Fighting
  4703 | D:5      | Reached * piety under Okawaru
  5027 | D:5      | Found an ornate altar of the Wu Jian Council.
  5281 | D:6      | Noticed a yak
  5284 | D:6      | Noticed a yak
  5291 | D:6      | Killed a yak
  5308 | D:6      | Killed a yak
  5457 | D:6      | Reached ** piety under Okawaru
  5458 | D:6      | Reached XP level 9. HP: 55/82 MP: 13/13
  5463 | D:6      | Reached skill level 10 in Axes
  5700 | D:6      | Reached skill level 11 in Axes
  5709 | D:6      | Noticed Jeremiah
  5714 | D:6      | Noticed Menkaure
  5784 | D:6      | Killed Menkaure
  6045 | D:6      | Reached skill level 12 in Axes
  6521 | D:6      | Noticed Blork the orc
  6529 | D:6      | Killed Blork the orc
  6534 | D:6      | Reached *** piety under Okawaru
  6745 | D:7      | Identified the "Dyddumeb"
  6745 | D:7      | Identified the "Siymess"
  6745 | D:7      | Identified the "Mosmasmunn"
  6754 | D:7      | Reached skill level 13 in Axes
  6817 | D:7      | Found a runed translucent door.
  6820 | D:7      | Found a basalt altar of Yredelemnul.
  6956 | D:7      | Found a shimmering blue altar of Sif Muna.
  6970 | D:7      | Reached skill level 14 in Axes
  7176 | D:7      | Reached XP level 10. HP: 74/90 MP: 14/14
  7408 | D:7      | Reached **** piety under Okawaru
  7625 | D:8      | Found a staircase to the Lair.
  8091 | D:8      | Found a glowing silver altar of Zin.
  8236 | D:8      | Reached skill level 15 in Axes
  9111 | D:9      | Found a staircase to the Orcish Mines.
  9319 | D:9      | Reached skill level 16 in Axes
 10011 | D:9      | Noticed a two-headed ogre
 10433 | D:10     | Entered Level 10 of the Dungeon
 10496 | D:10     | Reached skill level 17 in Axes
 10830 | D:10     | Identified the +11 rapier "Kephiwn" {elec, Will+}
 11373 | D:10     | Reached ***** piety under Okawaru
 11374 | D:10     | Reached XP level 11. HP: 92/97 MP: 15/15
 11673 | D:11     | Noticed Erolcha
 11692 | D:11     | Killed Erolcha
 11835 | D:11     | Identified the +0 helmet "Nauberid" {rF++ rCorr Str-3 SInv}
 11991 | D:11     | Found Ozyaq's Magic Scroll Boutique.
 12385 | D:11     | Reached skill level 5 in Armour
 12385 | D:11     | Reached skill level 5 in Shields
 12643 | D:12     | Identified the +9 scale mail "Jycwamavaa" {Will+ Str+3}
 12685 | D:12     | Noticed a red ugly thing
 12709 | D:12     | Killed a red ugly thing
 12713 | D:12     | Reached skill level 10 in Fighting
 12888 | D:12     | Noticed an arcanist
 12890 | D:12     | Noticed a deep elf annihilator
 13143 | D:12     | Noticed Urug
 13201 | D:12     | Killed Urug
 13201 | D:12     | Received a gift from Okawaru
 13320 | D:12     | Noticed a deep elf pyromancer
 13326 | D:12     | Noticed a deep elf pyromancer
 13361 | D:12     | Found a shimmering blue altar of Sif Muna.
 13364 | D:12     | Noticed a necromancer
 13365 | D:12     | Found a transporter.
 13371 | D:12     | Noticed an ogre mage
 13504 | D:13     | Noticed a rakshasa
 13517 | D:13     | Noticed a cyclops
 13518 | D:13     | Noticed a centaur warrior
 13519 | D:13     | Noticed a centaur warrior
 13520 | D:13     | Noticed a cyan ugly thing
 13521 | D:13     | Noticed a green ugly thing
 13522 | D:13     | Noticed a cyclops
 13531 | D:13     | HP: 3/101 [cyclops/large rock (29)]
 13533 | D:13     | Shot with an arrow by a centaur warrior

Illustrated notes

Levels and vault maps discovered:
D:1:      saegor_arrival_simple_a, layout_loops_cross,
          hellmonk_ecumenical_altar_watching_god, serial_shops,
          nicolae_shop_rolled_up
D:2:      minmay_diamond_boxcup, layout_loops_ring, basic_altar,
          minmay_octomino_j4
D:3:      layout_loops_ring, nicolae_overflow_squiral,
          mainiacjoe_overflow_catwalk_spiral, portal_sewer_entry_e,
          minmay_lizard_king
D:4:      minmay_octagon_keep, layout_loops_corners, minmay_temple_entry_waves,
          minmay_manual_mess
D:5:      layout_rooms, lemuel_coloured_pillars_altar
D:6:      layout_basic, grunt_ministairs_9, dreamdust_mushroom_princess,
          grunt_decor_arrowhead, uniq_blork_the_orc, uniq_menkaure,
          uniq_jeremiah
D:7:      layout_rooms, dk_yredelemnul_ordeal, nicolae_sif_muna_little_library
D:8:      layout_cave_pools, mainiacjoe_overflow_alcove_2, lair_entry_dummy,
          serial_bayou, serial_bayou_pond_d, serial_bayou_pond_e,
          serial_bayou_lake_a, serial_bayou_pond_e
D:9:      layout_small_grid, hiddenorc2_lemuel, kennysheep_generic_room_5
D:10:     layout_gridville, minivault_5
D:11:     layout_basic, serial_shops, shop, uniq_erolcha
D:12:     gammafunk_sealed_library, layout_rooms, uniq_urug
D:13:     layout_gridville, hellmonk_vaults_order_and_chaos
Temple:   eino_narrow_crystal_temple

Skill      XL: |  1  2  3  4  5  6  7  8  9 10 11 |
---------------+----------------------------------+-----
Axes           | 3 4 5 6 8 9 14 17 | 17.4
Invocations    | 2 6 |  6.6
Fighting       | 4 8 9 10 | 10.4
Armour         | 6 |  6.1
Shields        | 6 |  6.2

Action                     |  1- 3 |  4- 6 |  7- 9 | 10-12 || total
---------------------------+-------+-------+-------+-------++-------
  Melee: War axe           |    93 |   194 |   376 |   451 ||  1114
 Invoke: Heroism           |       |       |       |     1 ||     1
    Use: Scroll            |       |     2 |     7 |     2 ||    11
 Armour: Scale mail        |    64 |   162 |    97 |    47 ||   370
         Acid dragon scale |       |       |   190 |   280 ||   470
  Dodge: Dodged            |    37 |    79 |   170 |   187 ||   473
  Block: Buckler           |    17 |    47 |    86 |    98 ||   248

Table legend: (Time is in decaauts)
 A = Elapsed time spent in this place.
 B = Non-inter-level travel time spent in this place.
 C = Inter-level travel time spent in this place.
 D = Time resting spent in this place.
 E = Time spent auto-exploring this place.
 F = Levels seen in this place.
 G = Mean time per level.
                   A        B        C        D        E       F      G
               +--------+--------+--------+--------+--------+-----+--------+
         Total |  13506 |  13154 |    352 |   2669 |   8291 |  15 |  900.4 |
       Dungeon |  13263 |  12918 |    345 |   2532 |   8257 |  13 | 1020.2 |
        Temple |     16 |     10 |      6 |      0 |      0 |   1 |   16.0 |
         Sewer |    226 |    226 |      0 |    137 |     34 |   1 |  226.0 |
               +--------+--------+--------+--------+--------+-----+--------+

Top non-repeatable levels by time:
     D:9: 1695 daAuts
     D:6: 1534 daAuts
     D:4: 1486 daAuts
    D:10: 1146 daAuts
     D:2: 1143 daAuts
     D:8: 1102 daAuts
    D:11: 990 daAuts
    D:12: 870 daAuts
     D:7: 862 daAuts
     D:3: 855 daAuts
     D:5: 835 daAuts
     D:1: 714 daAuts
   Sewer: 226 daAuts
    D:13: 25 daAuts
  Temple: 16 daAuts
